 Dungeon Crawl Stone Soup version 0.26.1-11-gd32895ea62 (webtiles) character file.

Game seed: 8856689786117677854

168 OdinFK the Digger (level 5, -1/37 HPs)
             Began as a Formicid Earth Elementalist on May 2, 2021.
             Succumbed to a gnoll's poison
             ... on level 2 of the Dungeon on May 3, 2021.
             The game lasted 00:19:37 (3160 turns).

OdinFK the Digger (Formicid Earth Elementalist)     Turns: 3160, Time: 00:19:37

Health: -1/37      AC:  3    Str: 13    XL:     5   Next: 77%
Magic:  3/8        EV: 12    Int: 15    God:
Gold:   216        SH:  0    Dex: 11    Spells: 0/8 levels left

rFire    . . .     SeeInvis +   r - +1 dagger (vamp)
rCold    . . .     Faith    .   (no shield)
rNeg     . . .     Spirit   .   c - +1 robe
rPois    .         Reflect  .   (helmet unavailable)
rElec    .         Harm     .   (no cloak)
rCorr    .         Rampage  .   (no gloves)
Will     .....                  (no boots)
Stlth    ++........             (no amulet)
HPRegen  0.12/turn              (no ring)
MPRegen  0.11/turn              (no ring)

@: lethally poisoned (-1 -> -36)
A: permanent stasis, dig shafts and tunnels, four strong arms, antennae 3
a: Dig, Shaft Self


You were on level 2 of the Dungeon.
You visited 1 branch of the dungeon, and saw 3 of its levels.

You collected 216 gold pieces.

Inventory:

Hand Weapons
 r - a +1 vampiric dagger (weapon)
Missiles
 a - 8 poisoned darts
 b - 27 stones
Armour
 c - a +1 robe (worn)
Jewellery
 e - an uncursed ring of flight {unknown}
 n - a cursed -4 ring of protection {unknown}
Scrolls
 f - a scroll of remove curse {unknown}
 g - 2 scrolls of enchant armour
 i - 2 scrolls of identify
 l - a scroll of fear {unknown}
 m - a scroll of magic mapping {unknown}
 o - a scroll of blinking {unknown}
Potions
 h - a potion of haste
 j - a potion of brilliance {unknown}
 k - a potion of lignification {unknown}
 p - a potion of attraction {unknown}
 q - a potion of cancellation


   Skills:
 + Level 1.5 Fighting
 + Level 0.3 Short Blades
 + Level 0.3 Throwing
 - Level 2.0 Dodging
 + Level 3.2 Stealth
 - Level 2.1 Spellcasting
 + Level 2.2 Conjurations
 + Level 1.5 Transmutations
 + Level 5.2 Earth Magic


You couldn't memorise any spells.
You knew the following spells:

 Your Spells              Type           Power        Failure   Level
a - Sandblast             Erth           34%          2%          1
b - Stone Arrow           Conj/Erth      24%          14%         3
c - Petrify               Tmut/Erth      11%          47%         4

Your spell library contained the following spells:

 Spells                   Type           Power        Failure   Level
 Passwall                 Tmut/Erth      9%           9%          2
 Lee's Rapid Deconstruct  Erth           8%           56%         5


Dungeon Overview and Level Annotations

Branches:
Dungeon (3/15)

Altars:
Gozag
Ru

Annotations:
D:3 Ijyb


Innate Abilities, Weirdness & Mutations

You cannot be hasted, slowed, berserked, paralysed or teleported.
You can dig through walls and to a lower floor.
Your four strong arms can wield two-handed weapons with a shield.
You have a pair of large antennae on your head. (SInv)


Message History

The blast of sand hits the gnoll!
The gnoll is severely wounded.
You feel sick.
The gnoll hits you from afar with a +2 spear of venom.
You are more poisoned.
You feel very sick.
The gnoll hits you from afar with a +2 spear of venom!
* * * LOW HITPOINT WARNING * * *
You are more poisoned.
You climb upwards.
* * * LOW HITPOINT WARNING * * *
You feel very sick.
There is a stone staircase leading down, spattered with blood here.
It was a potion of haste.
Your stasis prevents you from being hasted.
h - a potion of haste;
m - a scroll labelled JIHEOSITZO
* * * LOW HITPOINT WARNING * * *
You feel very sick.
It was a potion of cancellation.
You feel magically purged.
You die...

.....<.# #.≈≈≈≈≈≈≈≈≈≈..# ######.#
#..≈≈≈≈≈≈≈≈≈≈≈## # .#
##..≈≈≈≈≈≈≈≈≈...## # .#
#..≈.≈.≈≈≈≈..≈≈... # .#
#...≈.≈≈.....≈≈>## # .#
#.#####.#####..## #.# #.#
#........# #.# #.# ########.# #.#
#####@##### ##'## #.# #....[....#
##...## ##.#####.###.###.#
##.....# # ##.....##.........#
##.....^.
####...##.##..##.#...####....)...
'.......................'........
####..........##.#...####........
# ##.#...##..##.#...# ##.......
#.#...##.......#.# ##.....#


There were no monsters in sight!

Vanquished Creatures
  An orc priest (D:2)
  Jessica (D:2)
  2 gnolls
  An adder (D:3)
  An ooze (D:1)
  3 worms (D:2)
  3 dart slugs
  2 orcs
  4 bats
  2 giant cockroaches
  12 goblins
  5 hobgoblins
  3 jackals (D:1)
  14 kobolds
  6 frilled lizards
  4 rats
64 creatures vanquished.

Notes
Turn   | Place    | Note
-------+----------+-------------------------------------------
     0 | D:1      | OdinFK the Formicid Earth Elementalist began the quest for
                  | the Orb.
     0 | D:1      | Reached XP level 1. HP: 13/13 MP: 3/3
   237 | D:1      | Reached XP level 2. HP: 16/20 MP: 3/5
   319 | D:1      | Reached skill level 1 in Fighting
   319 | D:1      | Reached skill level 4 in Earth Magic
   497 | D:1      | Reached XP level 3. HP: 25/26 MP: 2/6
   560 | D:1      | Learned a level 3 spell: Stone Arrow
   925 | D:2      | Found a faded altar of an unknown god.
  1330 | D:2      | Noticed a phantom
  1453 | D:2      | Found an opulent altar of Gozag.
  1453 | D:2      | Found a sacrificial altar of Ru.
  1763 | D:2      | Noticed Jessica
  1765 | D:2      | Killed Jessica
  1766 | D:2      | Reached skill level 1 in Conjurations
  1766 | D:2      | Reached skill level 5 in Earth Magic
  1766 | D:2      | Reached XP level 4. HP: 28/32 MP: 5/7
  2361 | D:2      | Reached XP level 5. HP: 33/37 MP: 0/8
  2366 | D:2      | Learned a level 4 spell: Petrify
  2594 | D:3      | Noticed Ijyb
  3160 | D:2      | Succumbed to a gnoll's poison

Illustrated notes

Levels and vault maps discovered:
D:1:      dpeg_arrival_connections, layout_basic
D:2:      layout_loops_corners, amethyst_overflow_temple_binary,
          chequers_ecumenical_altar_island, uniq_jessica
D:3:      kennysheep_the_goblin_king, layout_loops_ring,
          chequers_temple_overflow_statue_of_worship

Skill      XL: |  1  2  3  4 |
---------------+-------------+-----
Dodging        | 2 |  2.0
Fighting       | 1 |  1.5
Earth Magic    | 4 5 |  5.2
Conjurations   | 1 2 |  2.2
Stealth        | 3 |  3.2
Short Blades   | |  0.3
Throwing       | |  0.3
Spellcasting   | |  2.1
Transmutations | |  1.5

Action                   |  1- 3 |  4- 6 || total
-------------------------+-------+-------++-------
Melee: Dagger            |    60 |    41 ||   101
 Cast: Sandblast         |    29 |    34 ||    63
       Stone Arrow       |     2 |    14 ||    16
  Use: Scroll            |       |     2 ||     2
       Potion            |       |     4 ||     4
 Stab: Sleeping          |     5 |     5 ||    10
Armor: Robe              |     9 |     6 ||    15
Dodge: Dodged            |    47 |    36 ||    83
